 Dungeon Crawl Stone Soup version 0.30-a0-743-gbfdf073431 (webtiles) character file.

Game seed: 506793638021780365

112179 Newt the Protected (level 16, -13/105 (108) HPs)
             Began as a Demonspawn Gladiator on Feb 6, 2023.
             Was the Champion of Hepliaklqana.
             Mangled by a pharaoh ant (30 damage)
             ... on level 2 of the Spider Nest.
             The game lasted 00:41:39 (31016 turns).

Newt the Protected (Demonspawn Gladiator)          Turns: 31016, Time: 00:41:40

HP:   -13/105 (108) AC: 18    Str: 16    XL:     16   Next: 11%
MP:   11/29         EV: 16    Int: 20    God:    Hepliaklqana [******]
Gold: 2654          SH:  6    Dex: 18    Spells: 19/34 levels left

rFire   + . .      SeeInvis +    K - +3 quick blade (flame)
rCold   + . .      Faith    .    (no shield)
rNeg    . . .      Spirit   .    H - +5 ring mail of Sestreyce {Rampage Int+4 SInv}
rPois   +          Reflect  .    V - +2 helmet {Int+3}
rElec   .          Harm     .    c - scarf {rC+ rF+}
rCorr   .          Rampage  +    (no gloves)
Will    +....                    p - +0 pair of boots
Stlth   +++                      (no amulet)
HPRegen 0.37/turn                P - ring of poison resistance
MPRegen 0.21/turn                Y - ring of wizardry

@: lightly drained
A: reduced essence, large bone plates 2, ignite blood 2, demonic magic 3,
demonic touch 2
a: Renounce Religion, Recall Ancestor, Ancestor Identity, Transference, Idealise


You were on level 2 of the Spider Nest.
You worshipped Hepliaklqana.
Hepliaklqana was exalted by your worship.
You visited 5 branches of the dungeon, and saw 25 of its levels.
You also visited: Sewer and Ossuary.

You collected 4402 gold pieces.
You spent 1748 gold pieces at shops.

Inventory:

Hand Weapons
 K - a +3 quick blade of flaming (weapon)
Missiles
 d - 3 throwing nets
 e - 11 javelins
 G - 9 boomerangs of dispersal
Armour
 c - a scarf of resistance (worn)
 p - a +0 pair of boots (worn)
 w - a +0 cloak
 B - +0 fire dragon scales
 H - the +5 ring mail of Sestreyce (worn) {Rampage Int+4 SInv}
   (You found it on level 14 of the Dungeon)

   Int:       It affects your intelligence (+4).
   SInv:      It lets you see invisible.
   Rampage:   It bestows one free step when moving towards enemies.
 S - a +2 troll leather armour {Snorg}
 U - +0 swamp dragon scales
 V - a +2 helmet of intelligence (worn)
 W - the +7 chain mail of Eye-covered Music {Int+4 Stlth+}
   (You found it on level 7 of the Dungeon)

   Int:       It affects your intelligence (+4).
   Stlth:     It makes you more stealthy.
 X - the +1 robe "Uleel" {rPois rF+++ Dex-2 Stlth+}
   (You found it on level 11 of the Dungeon)

   Dex:       It affects your dexterity (-2).
   rF:        It renders you almost immune to fire.
   rPois:     It protects you from poison.
   Stlth:     It makes you more stealthy.
Jewellery
 o - a ring of ice
 t - a ring of magical power
 D - a ring of protection from fire
 P - a ring of poison resistance (left hand)
 R - a +5 ring of evasion
 Y - a ring of wizardry (right hand)
Wands
 h - a wand of light (12)
 u - a wand of roots (21)
 v - a wand of paralysis (4)
 E - a wand of flame (76)
 O - a wand of polymorph (3)
Scrolls
 a - 4 scrolls of fog
 g - a scroll of immolation
 j - 7 scrolls of teleportation
 l - 6 scrolls of amnesia
 q - 2 scrolls of fear
 s - 2 scrolls of enchant armour
 y - 4 scrolls of magic mapping
 z - 7 scrolls of poison
 A - 2 scrolls of blinking
 I - a scroll of butterflies
 N - a scroll of torment
 Z - 2 scrolls of silence
Potions
 b - a potion of ambrosia
 f - 6 potions of heal wounds
 i - 16 potions of curing
 k - 4 potions of might
 m - 6 potions of flight
 n - a potion of resistance
 r - 4 potions of haste
 x - 2 potions of invisibility
 C - 2 potions of mutation
 F - 4 potions of magic
 J - 3 potions of berserk rage
 L - 3 potions of brilliance
 M - 5 potions of cancellation


   Skills:
 - Level 9.0 Fighting
 - Level 8.0 Short Blades
 - Level 1.7 Throwing
 - Level 14.0 Armour
 - Level 9.0 Dodging
 - Level 6.0 Stealth
 + Level 9.5 Spellcasting
 + Level 11.7 Conjurations
 - Level 10.3 Hexes
 - Level 10.0 Invocations
 - Level 10.0 Evocations


You had 19 spell levels left.
You knew the following spells:

 Your Spells              Type           Power      Damage    Failure   Level
a - Dazzling Flash        Conj/Hex       100%       N/A       1%          3
b - Iskenderun's Battles  Conj           54%        2d10      1%          5
c - Orb of Destruction    Conj           27%        9d9       30%         7

Your spell library contained the following spells:

 Spells                   Type           Power      Damage    Failure   Level
 Inner Flame              Hex/Fire       30%        N/A       1%          3
 Portal Projectile        Hex/Tloc       60%        N/A       1%          3
 Stone Arrow              Conj/Erth      66%        3d11      1%          3
 Tukima's Dance           Hex            50%        N/A       1%          3
 Cause Fear               Hex            25%        N/A       1%          4
 Beastly Appendage        Tmut           18%        N/A       4%          1
 Sandblast                Erth           18%        2d7       4%          1
 Iskenderun's Mystic Bla  Conj/Tloc      33%        2d8       4%          4
 Leda's Liquefaction      Hex/Erth       15%        N/A       6%          4
 Cigotuvi's Dreadful Rot  Necr/Pois/Air  18%        N/A       7%          2
 Passwall                 Tmut/Erth      7%         N/A       7%          2
 Wereblood                Tmut           9%         N/A       7%          2
 Fireball                 Conj/Fire      16%        3d8       12%         5
 Lightning Bolt           Conj/Air       16%        1d30      12%         5
 Call Canine Familiar     Summ           9%         N/A       14%         3
 Spider Form              Tmut/Pois      9%         N/A       14%         3
 Airstrike                Air            4%         2d(1-17)  41%         4
 Dispel Undead            Necr           9%         3d8       41%         4
 Manifold Assault         Tloc           9%         N/A       41%         4
 Summon Lightning Spire   Summ/Air       9%         N/A       41%         4
 Conjure Ball Lightning   Conj/Air       16%        3x3d6     50%         6
 Starburst                Conj/Fire      16%        6d6       50%         6
 Blade Hands              Tmut           4%         N/A       75%         5
 Discord                  Hex            25%        N/A       98%         8
 Death Channel            Necr           4%         N/A       99%         6
 Dispersal                Tloc           4%         N/A       99%         6
 Disjunction              Tloc           4%         N/A       100%        8


Dungeon Overview and Level Annotations

Branches:
Dungeon (15/15)            Temple (1/1) D:6            Lair (5/5) D:11
 Shoals (0/4) Lair:2       Spider (2/4) Lair:2        Slime (0/5) Lair:4
    Orc (2/2) D:11            Elf (0/3) Orc:2        Vaults (0/5) D:14
 Depths (0/4) D:15          Sewer (visited)         Ossuary (visited)

Altars:
Ashenzari
Cheibriados
Dithmenos
Fedhas
Gozag
Hepliaklqana
Kikubaaqudgha
Makhleb
Nemelex Xobeh
Okawaru
Qazlal
Ru
Sif Muna
Trog
Uskayaw
Vehumet
Wu Jian
Xom
Jiyva

Shops:
D:7 :   D:13 !   Orc:1 !   Orc:2 [(*?

Annotations:
Temple 2 transporters


Innate Abilities, Weirdness & Mutations

Your life essence is reduced to manifest your ancestor. (-10% HP)
You are mostly covered in large bone plates. (SH +6)
Your demonic aura often causes spilled blood to erupt in flames.
Spells you cast and wands you use may paralyse nearby enemies.
Your touch may inflict irresistible damage on your foes.


Message History

The pharaoh ant bites you.
Lucia hits the boulder beetle with a +0 quarterstaff!
The helpless culicivora fails to defend itself.
You stick the culicivora like a pincushion!!!
You burn the culicivora!
You kill the culicivora!
Casting: Dazzling Flash (safe; 1% risk of failure)
Press: ? - help, Q - select action, (/) - cycle Dir - look around, f - activate Lucia avoids your attack.
The boulder beetle is dazzled.
Malevolent energies surge around you.
The pharaoh ant bites you but does no damage.
You block the boulder beetle's attack.
Lucia hits the boulder beetle but does no damage.
Casting: Dazzling Flash (safe; 1% risk of failure)
Press: ? - help, Q - select action, (/) - cycle Dir - look around, f - activate Lucia avoids your attack.
The boulder beetle is dazzled.
Malevolent energies surge around you. The pharaoh ant closely misses you.
The boulder beetle bites you!
* * * LOW HITPOINT WARNING * * *
Lucia hits the boulder beetle with a +0 quarterstaff.
The pharaoh ant bites you!!
* * * LOW HITPOINT WARNING * * *
Casting: Dazzling Flash (safe; 1% risk of failure)
Press: ? - help, Q - select action, (/) - cycle Dir - look around, f - activate Lucia avoids your attack.
The boulder beetle is dazzled.
Malevolent energies surge around you.
The boulder beetle suddenly stops moving!
The pharaoh ant barely misses you.
Lucia hits the boulder beetle but does no damage.
You feel much better.
The boulder beetle is no longer paralysed.
The pharaoh ant closely misses you. The pharaoh ant bites you.
* * * LOW HITPOINT WARNING * * *
You feel drained.
* * * LOW HITPOINT WARNING * * *
Casting: Dazzling Flash (safe; 1% risk of failure)
Confirm with . or Enter, or press ? or * to list all spells.
You conjure a globe of magical energy.
Malevolent energies surge around you.
The boulder beetle bites Lucia!
The pharaoh ant bites you!!
You die...

.?...........#
............. .
.............# .
.............# .
.............# ######
.........#...# #....##
.....*.†B...# ......#.#
##@##..# .†......#
###.#RB..# .........
#.^......# .....^..#
#..........# ....#####
#........#.#
..<....###.........#.#
#######...##.......#.#
####......##.........#
.........^.........#.##


You could see the friendly Lucia the battlemage, a boulder beetle (wandering,
blind), a pharaoh ant (ally target) and a friendly battlesphere.

Vanquished Creatures
  Jorgrun (Orc:1)
  A fire giant (D:15)
  An orc warlord (Orc:2)
  The ghost of jasper the Thaumaturge, a journeyman DsVM of Vehumet (Lair:5)
  Snorg (D:11)
  An entropy weaver (Spider:2)
  3 hydras
  A fire dragon (D:14)
  Fannar (D:12)
  2 ogre magi (D:15)
  9 centaur warriors
  6 boulder beetles
  A radroach (Spider:2)
  5 two-headed ogres
  3 tengu warriors
  7 death yaks
  An iron troll (D:14)
  A fire crab (shapeshifter) (D:15)
  4 pharaoh ants
  An orb spider (Spider:2)
  A wizard (D:15)
  3 harpies (Lair:2)
  A lindwurm (Lair:5)
  A steelbarb worm (shapeshifter) (D:13)
  2 orc knights (Orc:2)
  Pikel (D:6)
  The ghost of elongatedgoose the Slasher, a novice DsGl of Okawaru (D:7)
  3 ugly things (D:14)
  A wolf spider (Spider:2)
  6 manticores
  2 deep elf pyromancers
  A moth of wrath (Spider:2)
  3 cyclopes
  4 black mambas
  10 elephants
  2 torpor snails
  5 cane toads
  An orange demon (D:8)
  2 gargoyles
  3 demonic crawlers
  3 rime drakes (Lair:5)
  Maggie (D:8)
  A yaktaur (D:15)
  A rime drake (shapeshifter) (D:15)
  An unseen horror (D:10)
  8 komodo dragons
  2 kobold demonologists
  A tengu conjurer (D:15)
  An efreet (D:15)
  4 meliai
  5 polar bears
  9 trolls
  A troll (shapeshifter) (D:15)
  Grinder (D:5)
  Prince Ribbit (D:6)
  2 dream sheep
  A hornet (D:9)
  5 blink frogs
  3 tarantellas
  A culicivora (shapeshifter) (D:13)
  7 slime creatures
  11 jumping spiders
  2 vampires
  3 culicivoras
  4 spriggans (D:10)
  5 wraiths
  38 yaks
  Eustachio (D:6)
  A human (shapeshifter) (D:14)
  2 wyverns (D:8)
  12 redbacks
  5 basilisks
  A steam dragon (D:9)
  10 vampire mosquitoes
  3 wargs
  A spectral cane toad (Lair:5)
  Edmund (D:6)
  3 acid dragons
  10 water moccasins
  Duvessa (D:6)
  3 black bears
  An ice beast (D:6)
  A sky beast (D:7)
  23 orc warriors
  A black mamba simulacrum (Lair:5)
  6 ogres
  23 wolves
  15 centaurs
  A phantom (D:5)
  Blork the orc (D:5)
  2 gnoll sergeants
  8 kobold brigands
  3 scorpions
  8 bullfrogs
  A necrophage (D:7)
  9 wights
  Dowan (D:6)
  A dream sheep simulacrum (Lair:5)
  An electric eel (D:11)
  4 howler monkeys
  3 hounds
  A komodo dragon simulacrum (Lair:5)
  Crazy Yiuf (D:3)
  2 jellies (D:6)
  15 orc priests
  A gnoll bouda (D:6)
  7 iguanas
  18 orc wizards
  Natasha (thrice) (D:4)
  8 hell rats
  A mummy (Ossuary)
  7 gnolls (D:6)
  10 adders
  4 river rats (Sewer)
  3 white imps
  An ufetubus (D:5)
  3 worms (D:2)
  4 dart slugs
  78 orcs
  13 endoplasms
  9 giant cockroaches
  13 goblins
  5 hobgoblins
  5 jackals
  19 kobolds
  12 quokkas
  10 ball pythons
  7 bats
  4 frilled lizards
  10 gnoll skeletons (Ossuary)
  A goblin zombie (D:6)
  5 kobold skeletons (Ossuary)
  9 orc skeletons (Ossuary)
  33 rats
  A rat zombie (D:6)
716 creatures vanquished.

Vanquished Creatures (collateral kills)
  A stone giant (D:15)
  A dire elephant (Lair:5)
  A catoblepas (Lair:5)
  A two-headed ogre (D:11)
  A boulder beetle (D:13)
  2 death yaks (Lair:2)
  An orc high priest (Orc:2)
  A fire crab (shapeshifter) (D:13)
  Amaemon (D:8)
  A spectral death yak (Lair:5)
  An orb spider (Spider:2)
  A wolf spider (Spider:2)
  3 manticores
  5 ugly things
  2 cyclopes (D:14)
  2 demonic crawlers
  2 cane toads
  4 elephants
  An unseen horror (D:13)
  A kobold demonologist (D:11)
  2 komodo dragons
  A troll (D:13)
  2 tarantellas (Spider:1)
  3 blink frogs
  2 dream sheep
  2 jumping spiders (Spider:2)
  A slime creature (D:15)
  A culicivora (Lair:2)
  A shadow (D:10)
  3 spriggans
  10 yaks
  A wraith (D:11)
  A basilisk (Lair:1)
  5 redbacks
  3 water moccasins
  A hydra simulacrum (Lair:5)
  4 orc warriors
  An ice beast (D:8)
  4 centaurs
  An ogre (D:15)
  6 wolves
  5 bullfrogs
  A kobold brigand (D:11)
  A wight (D:8)
  3 electric eels (D:11)
  3 orc priests (Orc:2)
  4 hounds
  3 hell rats
  11 orc wizards
  15 orcs
  4 kobolds
138 creatures vanquished.

Vanquished Creatures (others)
  A centaur warrior (D:15)
  A deep elf pyromancer (D:15)
  A centaur (D:15)
  10 battlemagi
  A hound (D:11)
  A kobold (D:9)
  29 fungi
  38 plants
82 creatures vanquished.

Grand Total: 936 creatures vanquished

Notes
Turn   | Place    | Note
-------+----------+-------------------------------------------
     0 | D:1      | Newt the Demonspawn Gladiator began the quest for the Orb.
     0 | D:1      | Reached XP level 1. HP: 16/16 MP: 1/1
    84 | D:1      | Reached skill level 1 in Stealth
   123 | D:1      | Gained mutation: You are partially covered in large bone
                  | plates. (SH +4) [demonic ancestry]
   123 | D:1      | Reached XP level 2. HP: 13/22 MP: 2/2
   698 | D:1      | Reached XP level 3. HP: 29/29 MP: 3/3
  1684 | D:2      | Gained mutation: Your touch may inflict minor irresistible
                  | damage on your foes. [demonic ancestry]
  1684 | D:2      | Reached XP level 4. HP: 30/37 MP: 4/4
  2415 | D:3      | Gained mutation: Spells you cast may paralyse adjacent
                  | enemies. [demonic ancestry]
  2415 | D:3      | Reached XP level 5. HP: 30/43 MP: 5/5
  2606 | D:3      | Reached skill level 5 in Fighting
  2838 | D:3      | Found a runed translucent door.
  2839 | D:3      | Noticed Crazy Yiuf
  2892 | D:3      | Reached skill level 1 in Spellcasting
  2899 | D:3      | Learned a level 3 spell: Dazzling Flash
  3059 | D:3      | Killed Crazy Yiuf
  3216 | D:4      | Found a glowing drain.
  3230 | Sewer    | Entered a sewer
  3360 | Sewer    | Reached XP level 6. HP: 49/51 MP: 10/10
  3755 | D:4      | Reached skill level 1 in Conjurations
  3755 | D:4      | Reached skill level 1 in Hexes
  3761 | D:4      | Reached XP level 7. HP: 56/56 MP: 13/13
  3978 | D:4      | Identified the +10 long sword of Evisceration {freeze,
                  | rCorr}
  4028 | D:4      | Found a sparkling altar of Nemelex Xobeh.
  4080 | D:4      | Noticed Natasha
  4088 | D:4      | Killed Natasha
  4235 | D:4      | Noticed Natasha
  4241 | D:4      | Killed Natasha
  4380 | D:4      | Noticed Natasha
  4390 | D:4      | Killed Natasha
  4585 | D:5      | Entered Level 5 of the Dungeon
  4900 | D:5      | Gained mutation: Your demonic aura sometimes causes spilled
                  | blood to erupt in flames. [demonic ancestry]
  4900 | D:5      | Reached XP level 8. HP: 55/62 MP: 14/14
  4982 | D:5      | Noticed Blork the orc
  4990 | D:5      | Killed Blork the orc
  5027 | D:5      | Noticed Grinder
  5033 | D:5      | Killed Grinder
  5034 | D:5      | Reached skill level 5 in Conjurations
  5034 | D:5      | Reached skill level 5 in Hexes
  5603 | D:6      | Found a staircase to the Ecumenical Temple.
  5615 | D:6      | HP: 2/62 [gnoll/+0 spear[a gnoll sergeant] (5)]
  5732 | Temple   | Entered the Ecumenical Temple
  5732 | Temple   | Found a transporter.
  5732 | Temple   | Found a transporter.
  5821 | Temple   | Found a transporter.
  5821 | Temple   | Found a transporter.
  5837 | Temple   | Became a worshipper of Hepliaklqana the Forgotten
  5976 | D:6      | Found a sand-covered staircase.
  5984 | Ossuary  | Entered an ossuary
  6488 | D:6      | Noticed Eustachio
  6496 | D:6      | Killed Eustachio
  6554 | D:6      | Gained mutation: Spells you cast may paralyse nearby
                  | enemies. [demonic ancestry]
  6554 | D:6      | Reached XP level 9. HP: 67/68 MP: 15/15
  6903 | D:6      | Noticed Prince Ribbit
  6914 | D:6      | Killed Prince Ribbit
  6947 | D:6      | Noticed Edmund
  6949 | D:6      | Noticed Duvessa
  6955 | D:6      | Noticed Pikel
  6956 | D:6      | Killed Edmund
  6957 | D:6      | Noticed Dowan
  6964 | D:6      | Killed Pikel
  6965 | D:6      | Reached skill level 5 in Short Blades
  6967 | D:6      | Killed Dowan
  6968 | D:6      | Killed Duvessa
  7117 | D:6      | Found a snail-covered altar of Cheibriados.
  7391 | D:7      | Reached * piety under Hepliaklqana
  7392 | D:7      | Identified a scroll of acquirement
  7392 | D:7      | Acquired a +1 quick blade of venom
  7736 | D:7      | Found Vienooskei's Self-Improvement Boutique.
  7771 | D:7      | Gained mutation: Your demonic aura often causes spilled
                  | blood to erupt in flames. [demonic ancestry]
  7771 | D:7      | Reached XP level 10. HP: 66/66 MP: 16/16
  7791 | D:7      | You fall into a shaft and drop 3 floors!
  7791 | D:10     | Entered Level 10 of the Dungeon
  7925 | D:10     | Noticed an orange demon
  9087 | D:9      | Reached skill level 5 in Dodging
  9150 | D:9      | Reached ** piety under Hepliaklqana
  9151 | D:9      | Remembered your ancestor Lucia as a battlemage
  9394 | D:9      | Gained mutation: Your touch may inflict irresistible damage
                  | on your foes. [demonic ancestry]
  9394 | D:9      | Reached XP level 11. HP: 71/80 MP: 17/17
  9776 | D:8      | Noticed Amaemon
  9795 | D:8      | Killed Amaemon
 10060 | D:8      | Noticed Maggie
 10080 | D:8      | Killed Maggie
 10985 | D:7      | Reached *** piety under Hepliaklqana
 11000 | D:7      | Identified the +1 plate armour of Failure {Harm rF- Str+3}
 11001 | D:7      | Found a runed translucent gate.
 11001 | D:7      | Noticed elongatedgoose's ghost (novice DsGl)
 11002 | D:7      | Found a runed translucent gate.
 11003 | D:7      | Found a runed translucent gate.
 11032 | D:7      | Killed elongatedgoose's ghost
 11096 | D:7      | Identified the +7 chain mail of Eye-covered Music {Int+4
                  | Stlth+}
 11594 | D:11     | Identified the +1 robe "Uleel" {rPois rF+++ Dex-2 Stlth+}
 11874 | D:11     | Reached skill level 1 in Armour
 11878 | D:11     | Reached skill level 2 in Armour
 11886 | D:11     | Reached skill level 3 in Armour
 11896 | D:11     | Found a staircase to the Lair.
 11911 | D:11     | Noticed a two-headed ogre
 11923 | D:11     | Reached skill level 4 in Armour
 11929 | D:11     | Killed a two-headed ogre
 12024 | D:11     | Found a staircase to the Orcish Mines.
 12038 | D:11     | Noticed Snorg
 12046 | D:11     | Killed Snorg
 12047 | D:11     | Reached skill level 5 in Armour
 12111 | D:11     | Gained mutation: Spells you cast and wands you use may
                  | paralyse nearby enemies. [demonic ancestry]
 12111 | D:11     | Reached XP level 12. HP: 66/85 MP: 18/18
 12356 | D:11     | Reached skill level 6 in Armour
 12601 | D:11     | Acquired 1190 gold pieces
 12603 | D:11     | Acquired 636 gold pieces
 12854 | D:12     | Noticed a two-headed ogre
 12868 | D:12     | Killed a two-headed ogre
 12869 | D:12     | Reached skill level 5 in Stealth
 12904 | D:12     | Noticed a two-headed ogre
 12912 | D:12     | Killed a two-headed ogre
 13064 | D:12     | Reached skill level 1 in Evocations
 13303 | D:12     | Noticed Fannar
 13311 | D:12     | Killed Fannar
 13485 | D:12     | Reached skill level 5 in Evocations
 13618 | D:12     | Reached **** piety under Hepliaklqana
 13918 | D:13     | Noticed a boulder beetle
 13928 | D:13     | Noticed a centaur warrior
 13937 | D:13     | Noticed a tengu warrior
 13938 | D:13     | Killed a centaur warrior
 13943 | D:13     | Killed a tengu warrior
 14118 | D:13     | Killed a boulder beetle
 14295 | D:13     | Found Vogusu's Distillery.
 14356 | D:13     | Reached XP level 13. HP: 51/90 MP: 19/19
 14373 | D:13     | Bought a potion of heal wounds for 55 gold pieces
 14373 | D:13     | Bought a potion of heal wounds for 55 gold pieces
 14373 | D:13     | Bought a potion of cancellation for 88 gold pieces
 14878 | Lair:1   | Entered Level 1 of the Lair of Beasts
 15359 | Lair:1   | Reached skill level 10 in Evocations
 15361 | Lair:1   | Reached skill level 1 in Invocations
 16116 | Lair:2   | Reached skill level 5 in Invocations
 16227 | Lair:2   | HP: 2/90 [death yak (20)]
 17016 | Lair:2   | Found a staircase to the Shoals.
 17025 | Lair:2   | Reached skill level 10 in Invocations
 17298 | Lair:2   | Found a hole to the Spider Nest.
 17385 | Lair:2   | Reached ***** piety under Hepliaklqana
 17945 | Lair:3   | Reached skill level 5 in Spellcasting
 18637 | Lair:3   | Gained mutation: You are mostly covered in large bone
                  | plates. (SH +6) [demonic ancestry]
 18637 | Lair:3   | Reached XP level 14. HP: 94/97 MP: 21/21
 19872 | Lair:4   | Found a viscous altar of Jiyva.
 19872 | Lair:4   | Found a staircase to the Slime Pits.
 20348 | Lair:5   | Entered Level 5 of the Lair of Beasts
 20464 | Lair:5   | Reached ****** piety under Hepliaklqana
 20549 | Lair:5   | Found a runed translucent gate.
 20549 | Lair:5   | Found a runed translucent gate.
 20549 | Lair:5   | Found a runed translucent gate.
 20550 | Lair:5   | Noticed jasper's ghost (journeyman DsVM)
 21478 | Lair:5   | Identified the +1 pair of gloves "Xiohax" {rC+ Dex+2}
 22269 | Lair:5   | Killed jasper's ghost
 22577 | Orc:1    | Entered Level 1 of the Orcish Mines
 22734 | Orc:1    | Found Boprin's Distillery.
 22738 | Orc:1    | Noticed Jorgrun
 22752 | Orc:1    | Killed Jorgrun
 23081 | Orc:1    | Bought a potion of heal wounds for 90 gold pieces
 23081 | Orc:1    | Bought a potion of heal wounds for 90 gold pieces
 23255 | Orc:2    | Entered Level 2 of the Orcish Mines
 23331 | Orc:2    | Found a staircase to the Elven Halls.
 23336 | Orc:2    | Found a bloodstained altar of Trog.
 23405 | Orc:2    | Noticed an orc warlord
 23630 | Orc:2    | Reached skill level 10 in Conjurations
 23630 | Orc:2    | Reached skill level 10 in Hexes
 23634 | Orc:2    | Killed an orc warlord
 24070 | Orc:2    | Found Jummi's Antique Armour Emporium.
 24071 | Orc:2    | Found Quonlyx's Antique Weapon Shoppe.
 24459 | Orc:2    | Found Fezaq's Assorted Antiques.
 24611 | Orc:2    | Bought a crooked bronze wand for 120 gold pieces
 24887 | Orc:2    | Found a shimmering blue altar of Sif Muna.
 25015 | Orc:2    | Found Tetwuxig's Magic Scroll Shoppe.
 25113 | Orc:2    | Bought a scroll of fear for 52 gold pieces
 25113 | Orc:2    | Bought a scroll of teleportation for 39 gold pieces
 25113 | Orc:2    | Bought a scroll of teleportation for 39 gold pieces
 25152 | Orc:2    | Learned a level 5 spell: Iskenderun's Battlesphere
 25408 | D:7      | Bought a manual of Armour for 1120 gold pieces
 25866 | D:14     | Found a gate to the Vaults.
 25898 | D:14     | Reached XP level 15. HP: 83/101 MP: 27/27
 25901 | D:14     | Reached skill level 7 in Armour
 26072 | D:14     | Identified the +5 ring mail of Sestreyce {Rampage Int+4
                  | SInv}
 26125 | D:14     | Reached skill level 8 in Armour
 26426 | D:14     | Reached skill level 9 in Armour
 26740 | D:15     | Entered Level 15 of the Dungeon
 26750 | D:15     | Noticed a fire giant
 26760 | D:15     | Killed a fire giant
 26761 | D:15     | Reached skill level 10 in Armour
 26935 | D:15     | Reached skill level 11 in Armour
 26970 | D:15     | Reached skill level 12 in Armour
 27298 | D:15     | Reached skill level 13 in Armour
 27405 | D:15     | Learned a level 7 spell: Orb of Destruction
 27921 | D:15     | Reached skill level 14 in Armour
 28125 | D:15     | Found a staircase to the Depths.
 28553 | Spider:1 | Entered Level 1 of the Spider Nest
 30391 | Spider:2 | Reached XP level 16. HP: 37/104 MP: 8/29
 31016 | Spider:2 | Mangled by a pharaoh ant

Illustrated notes

Levels and vault maps discovered:
D:1:      matt_arrival_spirals, layout_basic, minmay_heptomino_o4
D:2:      layout_rooms, minmay_three_crescents
D:3:      layout_basic, mainiacjoe_overflow_alcove_1, guppyfry_early_lair_pool,
          uniq_crazy_yiuf_cottage
D:4:      layout_gridville, nemelex_spade_bored_becter, gup_sewer_entry_pipe,
          serial_glass, glass_columns_c, glass_columns_a, item_on_display_a,
          minmay_strange_pillars, item_on_display_a, uniq_natasha
D:5:      layout_loops_ring, uniq_grinder, uniq_blork_the_orc
D:6:      layout_basic, mainiacjoe_overflow_brackets,
          minmay_temple_entry_junction, enter_ossuary_4, uniq_eustachio,
          uniq_edmund, uniq_duvessa, uniq_prince_ribbit1, uniq_pikel
D:7:      layout_loops_ring, tso_oasis_becter, biasface_ghost_orc_armoury,
          nicolae_shop_self_help
D:8:      layout_gridville, uniq_maggie, uniq_amaemon
D:9:      layout_gridville
D:10:     kb_forest_paths, layout_long_grid, mainiacjoe_overflow_small_starburst
D:11:     layout_loops_corners, erik_lair_island, orc_0_dummy,
          kennysheep_small_spiral, uniq_snorg
D:12:     layout_rooms, uniq_fannar
D:13:     kennysheep_ambush_hall, layout_stronghold, serial_shops, shop
D:14:     layout_roguey, david_vaults_4, minmay_misc_feat_alley,
          kennysheep_nondescript
D:15:     grunt_enter_depths_snipers, layout_rooms, elyvilon_altar_1,
          minmay_alternating_orb
Temple:   hellmonk_temple_divided_pantheon
Lair:1:   layout_small_grid, serial_forest, infiniplex_forest_end_2,
          infiniplex_forest_clump_small, infiniplex_forest_lined_ring,
          infiniplex_forest_zigzag_2, infiniplex_forest_side_room,
          infiniplex_forest_zigzag_2, infiniplex_forest_corner_2,
          infiniplex_forest_lined_2, st_stairs_13
Lair:2:   layout_misc_corridors, nicolae_shoals_entry_roost,
          spider_nest_entry_rubble
Lair:3:   layout_layer_cave, lemuel_old_faithful, grunt_megastairs_2
Lair:4:   layout_layer_cave, dpeg_slime_entry_enclosed, forest_entry_grove
Lair:5:   hangedman_lair_in_review, layout_small_grid,
          gammafunk_ghost_necromancy, serial_bayou_shore_a,
          infiniplex_staircase_pool
Spider:1: layout_spider_delve, hangedman_spider_tarantella_strand
Spider:2: layout_chambers
Orc:1:    layout_caves, serial_shops, nicolae_shop_window_shopping, uniq_jorgrun
Orc:2:    grunt_orc_community_town_hall, layout_diamond_mine,
          grunt_orc_community_big_house_2, grunt_orc_community_big_house_2,
          grunt_orc_community_house_3, grunt_orc_community_house_2,
          grunt_orc_community_house_1, grunt_orc_community_house_2,
          grunt_orc_community_house_2, grunt_orc_community_house_3, basic_altar,
          library_closet, kennysheep_orc_sif_temple

Skill      XL: |  1  2  3  4  5  6  7  8  9 10 11 12 13 14 15 |
---------------+----------------------------------------------+-----
Stealth        | 1 6 |  6.0
Fighting       | 3 4 5 9 |  9.0
Spellcasting   | 2 4 5 8 9 |  9.5
Conjurations   | 2 4 6 7 10 11 | 11.7
Hexes          | 2 4 6 7 10 | 10.3
Short Blades   | 7 8 |  8.0
Dodging        | 5 9 |  9.0
Armour         | 5 6 14 | 14.0
Evocations     | 8 10 | 10.0
Invocations    | 10 | 10.0
Throwing       | |  1.7

Action                     |  1- 3 |  4- 6 |  7- 9 | 10-12 | 13-15 | 16-18 || total
---------------------------+-------+-------+-------+-------+-------+-------++-------
  Melee: Rapier            |    68 |       |       |       |       |       ||    68
         Dagger            |    75 |   227 |   281 |       |       |       ||   583
         Touch             |       |    33 |    75 |   125 |   327 |    11 ||   571
         Punch             |       |     2 |     5 |    11 |    28 |     1 ||    47
         Quick blade       |       |       |    58 |   618 |  1356 |    60 ||  2092
  Throw: Javelin           |     2 |       |       |     1 |       |       ||     3
         Throwing net      |       |     4 |       |       |       |       ||     4
   Cast: Dazzling Flash    |       |       |    29 |    91 |   210 |    16 ||   346
         Iskenderun's Batt |       |       |       |       |    14 |     1 ||    15
         Orb of Destructio |       |       |       |       |     1 |       ||     1
 Invoke: Recall Ancestor   |       |       |       |     1 |       |       ||     1
         Ancestor Life: Ba |       |       |       |     1 |       |       ||     1
  Evoke: Wand              |       |       |       |     4 |       |       ||     4
    Use: Scroll            |     4 |     8 |     9 |     8 |    13 |       ||    42
         Potion            |     2 |     2 |     4 |     1 |     9 |     1 ||    19
   Stab: Sleeping          |     6 |     1 |     4 |     4 |     6 |       ||    21
         Held in net/web   |       |     2 |       |       |       |       ||     2
         Paralysed         |       |       |    22 |    75 |   127 |    10 ||   234
         Invisible         |       |       |     6 |    26 |    74 |     1 ||   107
         Distracted        |       |       |       |     1 |     8 |       ||     9
         Petrified         |       |       |       |       |     1 |       ||     1
 Armour: Leather armour    |    33 |    83 |    84 |    32 |       |       ||   232
         Skin              |     1 |       |       |       |       |       ||     1
         Robe              |       |       |       |    20 |    18 |       ||    38
         Chain mail        |       |       |       |     2 |   205 |       ||   207
         Swamp dragon scal |       |       |       |     2 |       |       ||     2
         Ring mail         |       |       |       |       |    92 |    11 ||   103
  Dodge: Dodged            |    76 |   150 |   176 |   263 |   456 |    32 ||  1153
  Block: Other             |    18 |    51 |    43 |    50 |   200 |    11 ||   373

Table legend: (Time is in decaauts)
 A = Elapsed time spent in this place.
 B = Non-inter-level travel time spent in this place.
 C = Inter-level travel time spent in this place.
 D = Time resting spent in this place.
 E = Time spent auto-exploring this place.
 F = Levels seen in this place.
 G = Mean time per level.
                   A        B        C        D        E       F      G
               +--------+--------+--------+--------+--------+-----+--------+
         Total |  29540 |  27638 |   1902 |   4764 |  18822 |  27 | 1094.1 |
       Dungeon |  16346 |  14864 |   1482 |   2034 |  10445 |  15 | 1089.7 |
        Temple |    120 |    120 |      0 |      0 |     92 |   1 |  120.0 |
          Lair |   7266 |   6980 |    286 |   1449 |   4777 |   5 | 1453.2 |
   Spider Nest |   2320 |   2284 |     36 |    363 |   1641 |   2 | 1160.0 |
  Orcish Mines |   2512 |   2415 |     97 |    492 |   1608 |   2 | 1256.0 |
         Sewer |    515 |    515 |      0 |    190 |    158 |   1 |  515.0 |
       Ossuary |    458 |    458 |      0 |    236 |     99 |   1 |  458.0 |
               +--------+--------+--------+--------+--------+-----+--------+

Top non-repeatable levels by time:
  Lair:5: 1938 daAuts
   Orc:2: 1655 daAuts
    D:15: 1569 daAuts
  Lair:1: 1453 daAuts
     D:1: 1401 daAuts
    D:11: 1383 daAuts
  Lair:4: 1370 daAuts
Spider:1: 1358 daAuts
  Lair:2: 1317 daAuts
     D:6: 1188 daAuts
  Lair:3: 1188 daAuts
     D:8: 1184 daAuts
    D:13: 1177 daAuts
    D:10: 1155 daAuts
    D:14: 1115 daAuts
